 Dungeon Crawl Stone Soup version 0.24-a0-279-ga7546fe (webtiles) character file.

Game seed: 8790886896727228010

90 emperorscorpion the Magician (level 4, -4/27 HPs)
             Began as an Octopode Wizard on May 2, 2019.
             Slain by Terence
             ... wielding a +0 hand axe
              (7 damage)
             ... on level 2 of the Dungeon.
             The game lasted 00:04:29 (2233 turns).

emperorscorpion the Magician (Octopode Wizard)      Turns: 2233, Time: 00:04:30

Health: -4/27      AC:  1    Str:  6    XL:     4   Next: 56%
Magic:  9/10       EV: 13    Int: 21    God:
Gold:   71         SH:  0    Dex: 10    Spells: 5/11 levels left

rFire    . . .     SeeInvis .   (no weapon)
rCold    . . .     Gourm    .   (no shield)
rNeg     . . .     Faith    .   a - +0 hat
rPois    .         Spirit   .   (no amulet)
rElec    .         Reflect  .   (no ring)
rCorr    .         Harm     .   (no ring)
MR       .....                  (no ring)
Stlth    +++.......             (no ring)
HPRegen  0.09/turn              (no ring)
MPRegen  0.12/turn              (no ring)
                                (no ring)
                                (no ring)

@: no status effects
A: almost no armour, stealthy swim, amphibious, 8 rings, constrict 8, camouflage
1, gelatinous body 1
a: no special abilities


You were on level 2 of the Dungeon.
You were not hungry.

You visited 1 branch of the dungeon, and saw 2 of its levels.

You collected 71 gold pieces.

Inventory:

Missiles
 b - 34 stones (quivered)
Armour
 a - a +0 hat (worn)
Scrolls
 e - a scroll of blinking {unknown}
 f - 3 scrolls of remove curse {unknown}
 g - 2 scrolls of identify {unknown}
 j - a scroll of immolation {unknown}
Potions
 h - a potion of flight {unknown}
 i - a potion of resistance {unknown}
 k - a potion of agility {unknown}
Comestibles
 c - 3 rations


   Skills:
 + Level 0.1 Fighting
 + Level 2.1 Dodging
 + Level 3.2 Stealth
 + Level 0.8 Unarmed Combat
 + Level 4.0 Spellcasting
 + Level 2.2 Conjurations
   Level 1.0 Summonings
 + Level 1.0 Translocations


You had 5 spell levels left.
You knew the following spells:

 Your Spells              Type           Power        Failure   Level  Hunger
a - Magic Dart            Conj           ##..         4%          1    None
b - Blink                 Tloc           N/A          12%         2    #......
c - Mephitic Cloud        Conj/Pois/Air  #.......     26%         3    ###....

Your spell library contained the following spells:

 Spells                   Type           Power        Failure   Level  Hunger
 Call Imp                 Summ           #.......     12%         2    #......
 Slow                     Hex            #.......     19%         2    #......
 Conjure Flame            Conj/Fire      #.......     22%         3    ###....


Dungeon Overview and Level Annotations

Branches:
Dungeon (2/15)

Altars:
Yredelemnul

Annotations:
D:2 Terence


Innate Abilities, Weirdness & Mutations

You cannot wear most types of armour.
You are very stealthy in the water. (Stealth+)
You are amphibious.
You can wear up to eight rings at the same time.
You can use your tentacles to constrict eight enemies at once.
Your skin changes colour to match your surroundings (Stealth+).
Your rubbery body absorbs attacks. (AC +1, EV +1)


Message History

Terence is heavily wounded.
You constrict Terence. Terence hits you with a +0 hand axe.
* * * LOW HITPOINT WARNING * * *
You tentacle-slap Terence.
Terence is severely wounded.
You constrict Terence, but do no damage.
Terence seems less confused.
You tentacle-slap Terence but do no damage.
Terence is severely wounded.
You constrict Terence. Terence barely misses you.
You tentacle-slap Terence but do no damage.
Terence is almost dead.
You constrict Terence, but do no damage.
Terence screams, "I'm going to kill you!"
Terence misses you.
You tentacle-slap Terence but do no damage.
Terence is almost dead.
You constrict Terence, but do no damage.
Terence hits you with a +0 hand axe!
You die...

############
#..........#
#.########.# #.# #.#
#.########.#
#.......##.#
#######.##.#
#.##.###################
#.##......@@............
#.#############..######
#.# ##########...##
#######.#
#...........#.#
........#
#.########...##
######..# #.# #.@.# #..#
#.# ###.# #..# #.# #.#
#..# #.# #####[########


You could see Terence.

Vanquished Creatures
  Jessica (D:2)
  An adder (D:2)
  An ooze (D:1)
  A worm (D:2)
  2 ball pythons (D:1)
  6 bats
  2 giant cockroaches
  6 goblins
  6 hobgoblins
  6 jackals
  3 kobolds
  A quokka (D:2)
  4 frilled lizards
  4 rats (D:1)
44 creatures vanquished.

Notes
Turn   | Place    | Note
-------+----------+-------------------------------------------
     0 | D:1      | emperorscorpion the Octopode Wizard began the quest for the
                  | Orb.
     0 | D:1      | Reached XP level 1. HP: 11/11 MP: 4/4
   284 | D:1      | Reached XP level 2. HP: 17/17 MP: 3/6
   913 | D:1      | Reached XP level 3. HP: 17/21 MP: 0/7
  1673 | D:2      | Noticed Jessica
  1678 | D:2      | Killed Jessica
  1678 | D:2      | Reached XP level 4. HP: 27/27 MP: 4/9
  1810 | D:2      | Learned a level 2 spell: Blink
  1814 | D:2      | Learned a level 3 spell: Mephitic Cloud
  1923 | D:2      | Reached skill level 4 in Spellcasting
  2137 | D:2      | Found a basalt altar of Yredelemnul.
  2157 | D:2      | Noticed Terence
  2233 | D:2      | Slain by Terence

Levels and vault maps discovered:
D:1:      dpeg_arrival_pond, layout_basic, serial_park_tiny_1
D:2:      layout_loops_ring, lemuel_crystal_altar, first_ration, uniq_terence,
          uniq_jessica

Skill      XL: |  1  2  3  4 |
---------------+-------------+-----
Stealth        | 3 |  3.2
Conjurations   | 2 |  2.2
Spellcasting   | 4 |  4.0
Fighting       | |  0.1
Dodging        | |  2.1
Unarmed Combat | |  0.8
Summonings     | |  1.0
Translocations | |  1.0

Action                   |  1- 3 |  4- 6 || total
-------------------------+-------+-------++-------
Melee: Unarmed           |    20 |    36 ||    56
       Constrict         |     6 |     6 ||    12
       Tentacles         |     3 |     8 ||    11
 Cast: Magic Dart        |    70 |    19 ||    89
       Mephitic Cloud    |       |     1 ||     1
 Stab: Confused          |       |     2 ||     2
  Eat: Chunk             |     2 |     2 ||     4
Armor: Skin              |     3 |     3 ||     6
Dodge: Dodged            |    20 |    24 ||    44

Table legend:
 A = Non-vault XP
 B = Vault XP
 C = Vault XP percentage of total XP
 D = Non-vault monster count
 E = Vault monster count
 F = Vault count percentage of total count
                 A         B        C        D         E       F
            +---------+---------+-------+---------+---------+-------
      Total |      92 |      37 |  28.7 |      43 |       1 |   2.3
            +---------+---------+-------+---------+---------+-------
        D:1 |      53 |       0 |   0.0 |      29 |       0 |   0.0
        D:2 |      39 |      37 |  48.7 |      14 |       1 |   6.7
            +---------+---------+-------+---------+---------+-------
